 Dungeon Crawl Stone Soup version 0.31.0-11-ge490571c62 (webtiles) character file.

Game seed: 3034079118814448063

9 Bobbunny the Sneak (level 2, -4/21 HPs)
             Began as a Formicid Enchanter on Jan 27, 2024.
             Frozen to death by an endoplasm (5 damage)
             ... on level 1 of the Dungeon.
             The game lasted 00:00:55 (285 turns).

Bobbunny the Sneak (Formicid Enchanter)              Turns: 285, Time: 00:00:56

Health: -4/21      AC:  2    Str: 12    XL:     2   Next: 25%
Magic:  1/1        EV: 12    Int: 14    God:
Gold:   13         SH:  0    Dex: 14    Spells: 5/5 levels left

rFire   . . .        d - +0 whip (antimagic)
rCold   . . .        (no shield)
rNeg    . . .        b - +0 robe
rPois   .            (helmet unavailable)
rElec   .            (no cloak)
rCorr   .            (no gloves)
SInv    +            (no boots)
Will    .....        (no amulet)
Stlth   +++          (no ring)
HPRegen 0.23/turn    (no ring)
MPRegen 0.07/turn

%: no passive effects
@: invisible (expiring)
A: permanent stasis, dig shafts and tunnels, antennae 3, four strong arms
a: Dig, Shaft Self


You were on level 1 of the Dungeon.
You visited 1 branch of the dungeon, and saw 1 of its levels.

You collected 13 gold pieces.

Inventory:

Hand Weapons
 a - a +1 dagger
 d - a +0 antimagic whip (weapon)
Missiles
 f - 5 boomerangs
Armour
 b - a +0 robe (worn)
Potions
 c - a potion of invisibility
 e - a potion of might {unknown}


   Skills:
 + Level 1.5 Fighting
 - Level 1.0 Short Blades
 - Level 1.7 Dodging
 - Level 4.0 Stealth
 - Level 2.1 Spellcasting
 - Level 3.6 Hexes


You had 5 spell levels left.
You didn't know any spells.
Your spell library contained the following spells:

 Spells                   Type           Power      Damage    Failure   Level
 Confusing Touch          Hex            11%        N/A       16%         3
 Tukima's Dance           Hex            11%        N/A       16%         3
 Ensorcelled Hibernation  Hex/Ice        12%        N/A       17%         2
 Dazzling Flash           Conj/Hex       12%        N/A       32%         3


Dungeon Overview and Level Annotations

Branches:
Dungeon (1/15)

Altars:

Shops:
D:1 (


Innate Abilities, Weirdness & Mutations

You cannot be hasted, slowed, berserked, paralysed or teleported.
You can dig through walls and to a lower floor.
You have a pair of large antennae on your head. (SInv)
Your four strong arms can wield two-handed weapons with a shield.


Message History

The jackal is lightly wounded.
The jackal closely misses you. x2; The hobgoblin misses you.
The jackal bites you.
* * * LOW HITPOINT WARNING * * *
You strike the helpless jackal from behind!
You hit the jackal.
You kill the jackal!
The jackal bites you.
* * * LOW HITPOINT WARNING * * *
The hobgoblin misses you.
You hit the hobgoblin.
The hobgoblin is heavily wounded.
The hobgoblin barely misses you. The jackal closely misses you.
The jackal misses you.
You barely miss the hobgoblin.
The hobgoblin is heavily wounded.
The hobgoblin closely misses you. The jackal barely misses you.
The jackal bites you.
* * * LOW HITPOINT WARNING * * *
The hobgoblin hits you but does no damage.
The jackal misses you.
You hit the jackal.
The jackal is heavily wounded.
The jackal misses you.
The jackal bites you but does no damage.
The jackal closely misses you. The hobgoblin barely misses you.
You hit the jackal.
You kill the jackal!
The jackal barely misses you. The hobgoblin misses you.
You barely miss the jackal.
The jackal is moderately wounded.
You flicker for a moment.
The hobgoblin barely misses you.
You hit the endoplasm.
The endoplasm is heavily wounded.
The jackal closely misses you. The hobgoblin hits you.
* * * LOW HITPOINT WARNING * * *
The endoplasm freezes you.
You are frozen.
You die...

≈≈~~~~~~~~~~~~....
≈≈≈≈≈≈~≈≈≈≈≈~≈..... .#
≈≈≈≈≈≈≈≈≈≈≈≈≈≈.... ..# ≈≈
≈≈≈#'#'#≈≈~.... ..#
'###'##...'≈≈~.?.. >.#
......#...'≈≈~...# #..#
#####.###'#≈≈~...# ...##
#...#.†.'≈≈≈≈~..h###.#..#..
'.<.###.#≈≈≈≈≈..@Jh...........
'...###.#≈≈≈≈~..g#..####......
#...#...'≈≈≈≈~...#.## ......
#####.###'#≈≈~.....# ....
......'...'≈≈~.....#####...{ .
'###'##..>'≈≈~.........#.### ..
≈≈≈≈≈≈#'#'#≈≈~.............#...
≈≈≈≈≈≈≈≈≈≈≈≈≈~........†........
≈≈≈≈≈≈≈≈≈≈≈≈≈~.............#..


You could see an endoplasm, 2 jackals and a hobgoblin (unable to see you).

Vanquished Creatures
  2 endoplasms (D:1)
  A goblin (D:1)
  2 jackals (D:1)
  A kobold (D:1)
  A bat (D:1)
  A frilled lizard (D:1)
8 creatures vanquished.

Notes
Turn   | Place    | Note
-------+----------+-------------------------------------------
     0 | D:1      | Bobbunny the Formicid Enchanter began the quest for the
                  | Orb.
     0 | D:1      | Reached XP level 1. HP: 13/13 MP: 3/3
   190 | D:1      | Found Seicvo's Weapon Shoppe.
   274 | D:1      | Reached skill level 1 in Fighting
   274 | D:1      | Reached skill level 4 in Stealth
   274 | D:1      | Reached XP level 2. HP: 9/21 MP: 1/5
   285 | D:1      | HP: 1/21 [hobgoblin (2)]
   285 | D:1      | Frozen to death by an endoplasm

Illustrated notes

Levels and vault maps discovered:
D:1:      dpeg_arrival_castle, layout_rooms, serial_shops,
          nicolae_shop_bloodbath_and_beyond

Skill      XL: |  1 |
---------------+----+-----
Fighting       | 1 |  1.5
Stealth        | 4 |  4.0
Short Blades   | |  1.0
Dodging        | |  1.7
Spellcasting   | |  2.1
Hexes          | |  3.6

Action                     || total
---------------------------++-------
  Melee: Whip              ||    23
         Dagger            ||    11
    Use: Potion            ||     1
   Stab: Sleeping          ||     1
         Invisible         ||     1
 Armour: Robe              ||    21
  Dodge: Dodged            ||    38
